| TOP OF THE 1ST |
|
Miami Beach Marlins batting - Pitching for Portland Angels : RHP Hector Agudelo
|
|
Pitching: RHP Hector Agudelo
|
|
|
Batting: RHB Jim Smallwood
|
0-0: Ball 1-0: Ball 2-0: Ball 3-0: Called Strike 3-1: Base on Balls
|
|
Batting: RHB Corbin Chauvin
|
0-0: Ball 1-0: Ball 2-0: Ball 3-0: Base on Balls Jim Smallwood to second
|
|
Batting: RHB Torquato Uso
|
0-0: Ball 1-0: Called Strike 1-1: Ball 2-1: Swinging Strike 2-2: DOUBLE (Flyball, 8LXD, EV 103.1 MPH) Jim Smallwood scores Corbin Chauvin to third
|
|
Batting: SHB Emmet Brickowski
|
0-0: Ball 1-0: Swinging Strike 1-1: Ground out 4-3 (Groundball, 4, EV 86.2 MPH) Corbin Chauvin scores Torquato Uso to third
|
|
Batting: LHB Henry Huezo
|
0-0: Ball 1-0: Foul Ball, location: 2F 1-1: Swinging Strike 1-2: Ball 2-2: Foul Ball, location: 2F 2-2: Ball 3-2: Strikes out swinging
|
|
Batting: RHB Orlando Melendres
|
0-0: Fly out, F6 (Popup, 6S, EV 68.1 MPH)
|
| Top of the 1st over - 2 runs, 1 hit, 0 errors, 1 left on base; Miami Beach 2 - Portland 0 |
| BOTTOM OF THE 1ST |
|
Portland Angels batting - Pitching for Miami Beach Marlins : LHP Doug Whitling
|
|
Pitching: LHP Doug Whitling
|
|
|
Batting: RHB Jose Garduno
|
0-0: Swinging Strike 0-1: Ball 1-1: Ball 2-1: Ball 3-1: Base on Balls
|
|
Batting: RHB Steve Neely
|
0-0: Ground out U3 (Groundball, 3S, EV 72.5 MPH) Jose Garduno to second
|
|
Batting: RHB Jesse Sargent
|
0-0: Ball 1-0: Ball 2-0: Ball 3-0: Called Strike 3-1: Base on Balls
|
|
Batting: RHB Alex Rosaly
|
0-0: Ball 1-0: Called Strike 1-1: Swinging Strike 1-2: Ball 2-2: Foul Ball, location: 2F 2-2: Strikes out looking
|
|
Batting: LHB Kevin Feldman
|
0-0: Swinging Strike 0-1: Ball 1-1: Foul Ball, location: 2F 1-2: Foul Ball, location: 2F 1-2: Fly out, F8 (Flyball, 8LXD, EV 95.6 MPH)
|
| Bottom of the 1st over - 0 runs, 0 hits, 0 errors, 2 left on base; Miami Beach 2 - Portland 0 |
| TOP OF THE 2ND |
|
Miami Beach Marlins batting - Pitching for Portland Angels : RHP Hector Agudelo
|
|
Batting: RHB Troy Bush
|
0-0: Hit by Pitch
|
|
Batting: RHB Chris Harlow
|
0-0: Ball 1-0: Called Strike 1-1: Foul Ball, location: 2F 1-2: Fly out, F7 (Flyball, 7S, EV 81.2 MPH)
|
|
Batting: RHB Hektor Luvian
|
0-0: Ball 1-0: Fly out, F9 (Flyball, 9, EV 78.8 MPH)
|
|
Batting: RHB Jim Smallwood
|
0-0: Ground out 4-3 (Groundball, 34, EV 104.4 MPH)
|
| Top of the 2nd over - 0 runs, 0 hits, 0 errors, 1 left on base; Miami Beach 2 - Portland 0 |
| BOTTOM OF THE 2ND |
|
Portland Angels batting - Pitching for Miami Beach Marlins : LHP Doug Whitling
|
|
Batting: LHB Doug Nebel
|
0-0: Ball 1-0: Ground out 6-3 (Groundball, 6D, EV 95.0 MPH)
|
|
Batting: SHB Manuel Martinez
|
0-0: Called Strike 0-1: Called Strike 0-2: Ball 1-2: Foul Ball, location: 2F 1-2: Foul Ball, location: 2F 1-2: Ball 2-2: Foul Ball, location: 2F 2-2: Strikes out looking
|
|
Batting: LHB David Coatney
|
0-0: Fly out, F8 (Flyball, 78D, EV 101.2 MPH)
|
| Bottom of the 2nd over - 0 runs, 0 hits, 0 errors, 0 left on base; Miami Beach 2 - Portland 0 |
| TOP OF THE 3RD |
|
Miami Beach Marlins batting - Pitching for Portland Angels : RHP Hector Agudelo
|
|
Batting: RHB Corbin Chauvin
|
0-0: Called Strike 0-1: Reached on error, E6 (Groundball, 6, EV 106.2 MPH)
|
|
Batting: RHB Torquato Uso
|
0-0: Ball 1-0: Called Strike 1-1: Ball 2-1: Called Strike 2-2: Strikes out swinging
|
|
Batting: SHB Emmet Brickowski
|
Pickoff Throw to First - Out! 1-3 CS 0-0: Called Strike 0-1: Called Strike 0-2: Ball 1-2: Strikes out swinging
|
| Top of the 3rd over - 0 runs, 0 hits, 1 error, 0 left on base; Miami Beach 2 - Portland 0 |
| BOTTOM OF THE 3RD |
|
Portland Angels batting - Pitching for Miami Beach Marlins : LHP Doug Whitling
|
|
Batting: LHB John Harvey
|
0-0: Ball 1-0: Swinging Strike 1-1: Called Strike 1-2: Ball 2-2: Ball 3-2: Foul Ball, location: 2F 3-2: Strikes out swinging passed ball, reaches first!
|
|
Batting: RHB Jose Garduno
|
0-0: Ball 1-0: Swinging Strike 1-1: Foul Ball, location: 2F 1-2: Foul Ball, location: 2F 1-2: Ball 2-2: Foul Ball, location: 2F 2-2: Fly out, F8 (Line Drive, 8LD, EV 103.1 MPH)
|
|
Batting: RHB Steve Neely
|
0-0: Called Strike 0-1: Swinging Strike 0-2: Strikes out swinging
|
|
Batting: RHB Jesse Sargent
|
0-0: Ball 1-0: DOUBLE (Line Drive, 78M, EV 95.0 MPH) John Harvey to third Runner from 3rd tries for Home, SAFE, throw by LF to home
|
|
Batting: RHB Alex Rosaly
|
0-0: Ball 1-0: Ball 2-0: Ball 3-0: Called Strike 3-1: Base on Balls
|
|
Batting: LHB Kevin Feldman
|
0-0: Ball 1-0: Called Strike 1-1: Called Strike 1-2: Ball 2-2: Strikes out looking
|
| Bottom of the 3rd over - 1 run, 1 hit, 0 errors, 2 left on base; Miami Beach 2 - Portland 1 |
| TOP OF THE 4TH |
|
Miami Beach Marlins batting - Pitching for Portland Angels : RHP Hector Agudelo
|
|
Batting: LHB Henry Huezo
|
0-0: SINGLE (Groundball, 34D, EV 101.2 MPH)
|
|
Batting: RHB Orlando Melendres
|
0-0: Ball 1-0: Ball 2-0: Ball 3-0: Called Strike 3-1: Foul Ball, location: 2F 3-2: Base on Balls Henry Huezo to second
|
|
Batting: RHB Troy Bush
|
0-0: Called Strike 0-1: Ball 1-1: Foul Ball, location: 2F 1-2: SINGLE (Flyball, 34D, EV 88.1 MPH) Henry Huezo to third Orlando Melendres to second
|
|
Batting: RHB Chris Harlow
|
0-0: Ball 1-0: Ball 2-0: Foul Ball, location: 2F 2-1: Foul Ball, location: 2F 2-2: Ball 3-2: Strikes out swinging
|
|
Batting: RHB Hektor Luvian
|
0-0: Ball 1-0: Ball 2-0: Ball 3-0: Called Strike 3-1: Foul Ball, location: 2F 3-2: Strikes out looking
|
|
Batting: RHB Jim Smallwood
|
0-0: Ball 1-0: Ball 2-0: Ball 3-0: Called Strike 3-1: Called Strike 3-2: Ground out 6-3 (Groundball, 6, EV 101.9 MPH)
|
| Top of the 4th over - 0 runs, 2 hits, 0 errors, 3 left on base; Miami Beach 2 - Portland 1 |
| BOTTOM OF THE 4TH |
|
Portland Angels batting - Pitching for Miami Beach Marlins : LHP Doug Whitling
|
|
Batting: LHB Doug Nebel
|
0-0: Ball 1-0: Called Strike 1-1: Ball 2-1: Ball 3-1: Called Strike 3-2: Strikes out looking
|
|
Batting: SHB Manuel Martinez
|
0-0: Ball 1-0: Ball 2-0: Ball 3-0: Base on Balls
|
|
Batting: LHB David Coatney
|
0-0: Fly out, F8 (Flyball, 8RD, EV 101.9 MPH)
|
|
Batting: LHB John Harvey
|
0-0: Ground out 4-3 (Groundball, 4, EV 103.1 MPH)
|
| Bottom of the 4th over - 0 runs, 0 hits, 0 errors, 1 left on base; Miami Beach 2 - Portland 1 |
| TOP OF THE 5TH |
|
Miami Beach Marlins batting - Pitching for Portland Angels : RHP Hector Agudelo
|
|
Batting: RHB Corbin Chauvin
|
0-0: Called Strike 0-1: Ball 1-1: SINGLE (Line Drive, 4M, EV 98.8 MPH)
|
|
Batting: RHB Torquato Uso
|
0-0: Foul Ball, location: 2F 0-1: Ball 1-1: Ball 2-1: Foul Ball, location: 2F 2-2: Foul Ball, location: 2F 2-2: SINGLE (Line Drive, 4D, EV 110.6 MPH) Corbin Chauvin to second
|
|
Pitching: RHP Austin Raymond
|
|
|
Batting: SHB Emmet Brickowski
|
0-0: Ball 1-0: Swinging Strike 1-1: Ball 2-1: Foul Ball, location: 2F 2-2: Ball 3-2: Foul Ball, location: 2F 3-2: Fly out, F8 (Flyball, 8LM, EV 93.1 MPH)
|
|
Batting: LHB Henry Huezo
|
0-0: Ball 1-0: Foul Ball, location: 2F 1-1: Called Strike 1-2: Strikes out looking
|
|
Batting: RHB Orlando Melendres
|
0-0: Ball 1-0: Ball 2-0: Called Strike 2-1: Ground out 1-3 (Groundball, 15S, EV 65.0 MPH)
|
| Top of the 5th over - 0 runs, 2 hits, 0 errors, 2 left on base; Miami Beach 2 - Portland 1 |
| BOTTOM OF THE 5TH |
|
Portland Angels batting - Pitching for Miami Beach Marlins : LHP Doug Whitling
|
|
Batting: RHB Jose Garduno
|
0-0: Foul Ball, location: 2F 0-1: Ball 1-1: Ball 2-1: Called Strike 2-2: SINGLE (Flyball, 3D, EV 94.4 MPH)
|
|
Batting: RHB Steve Neely
|
0-0: Called Strike 0-1: Fly out, F9 (Flyball, 9S, EV 87.5 MPH)
|
|
Batting: RHB Jesse Sargent
|
0-0: Called Strike 0-1: Ball 1-1: Ball 2-1: Called Strike 2-2: Foul Ball, location: 2F 2-2: Strikes out looking
|
|
Batting: RHB Alex Rosaly
|
0-0: Fly out, F8 (Flyball, 8LS, EV 90.6 MPH)
|
| Bottom of the 5th over - 0 runs, 1 hit, 0 errors, 1 left on base; Miami Beach 2 - Portland 1 |
| TOP OF THE 6TH |
|
Miami Beach Marlins batting - Pitching for Portland Angels : RHP Austin Raymond
|
|
Batting: RHB Troy Bush
|
0-0: Ball 1-0: SOLO HOME RUN (Flyball, 7D, EV 91.9 MPH), Distance : 345 ft
|
|
Batting: RHB Chris Harlow
|
0-0: Ball 1-0: Ball 2-0: Fly out, F2 (Popup, 23F, EV 76.9 MPH)
|
|
Batting: RHB Hektor Luvian
|
0-0: Fly out, F8 (Flyball, 8RD, EV 108.1 MPH)
|
|
Batting: RHB Jim Smallwood
|
0-0: Ball 1-0: Ball 2-0: Called Strike 2-1: Swinging Strike 2-2: Ball 3-2: Strikes out swinging
|
| Top of the 6th over - 1 run, 1 hit, 0 errors, 0 left on base; Miami Beach 3 - Portland 1 |
| BOTTOM OF THE 6TH |
|
Portland Angels batting - Pitching for Miami Beach Marlins : LHP Doug Whitling
|
|
Batting: LHB Kevin Feldman
|
0-0: Ball 1-0: Ground out U3 (Groundball, 3, EV 93.1 MPH)
|
|
Batting: LHB Doug Nebel
|
0-0: Swinging Strike 0-1: Swinging Strike 0-2: Ball 1-2: Ball 2-2: Ground out 5-3 (Groundball, 56S, EV 70.6 MPH)
|
|
Batting: SHB Manuel Martinez
|
0-0: Swinging Strike 0-1: Called Strike 0-2: Strikes out swinging
|
| Bottom of the 6th over - 0 runs, 0 hits, 0 errors, 0 left on base; Miami Beach 3 - Portland 1 |
| TOP OF THE 7TH |
|
Miami Beach Marlins batting - Pitching for Portland Angels : RHP Austin Raymond
|
|
Batting: RHB Corbin Chauvin
|
0-0: Ball 1-0: Foul Ball, location: 2F 1-1: Foul Ball, location: 2F 1-2: Foul Ball, location: 2F 1-2: Strikes out swinging
|
|
Batting: RHB Torquato Uso
|
0-0: Ball 1-0: Ball 2-0: Ball 3-0: Swinging Strike 3-1: Base on Balls
|
|
Batting: SHB Emmet Brickowski
|
0-0: Ball 1-0: Ball Torquato Uso steals 2nd base (no throw) 2-0: Intentional Walk
|
|
Batting: LHB Henry Huezo
|
0-0: Swinging Strike 0-1: Ball 1-1: Fly out, F2 (Popup, 25F, EV 81.2 MPH)
|
|
Batting: RHB Orlando Melendres
|
0-0: Foul Ball, location: 2F 0-1: Ball 1-1: 3-RUN HOME RUN (Flyball, 89XD, EV 105.0 MPH), Distance : 405 ft
|
|
Pitching: RHP Austin Reitz
|
|
|
Batting: RHB Troy Bush
|
0-0: Called Strike 0-1: Called Strike 0-2: SINGLE (Groundball, 6S, EV 98.1 MPH)
|
|
Batting: RHB Chris Harlow
|
0-0: Called Strike 0-1: Foul Ball, location: 2F 0-2: Strikes out swinging
|
| Top of the 7th over - 3 runs, 2 hits, 0 errors, 1 left on base; Miami Beach 6 - Portland 1 |
| BOTTOM OF THE 7TH |
|
Portland Angels batting - Pitching for Miami Beach Marlins : LHP Doug Whitling
|
|
Pitching: RHP Konoye Murakami
|
|
|
Batting: LHB David Coatney
|
0-0: Ground out 6-3 (Groundball, 6, EV 82.5 MPH)
|
|
Batting: LHB John Harvey
|
0-0: Ground out 1-3 (Groundball, 15S, EV 68.8 MPH)
|
|
Batting: RHB Jose Garduno
|
0-0: Ball 1-0: Ground out 4-3 (Groundball, 4, EV 83.1 MPH)
|
| Bottom of the 7th over - 0 runs, 0 hits, 0 errors, 0 left on base; Miami Beach 6 - Portland 1 |
| TOP OF THE 8TH |
|
Miami Beach Marlins batting - Pitching for Portland Angels : RHP Austin Reitz
|
|
Batting: RHB Hektor Luvian
|
0-0: Foul Ball, location: 2F 0-1: Ball 1-1: Swinging Strike 1-2: Foul Ball, location: 2F 1-2: Foul Ball, location: 2F 1-2: Strikes out swinging
|
|
Batting: RHB Jim Smallwood
|
0-0: Foul Ball, location: 2F 0-1: Ball 1-1: Ball 2-1: Swinging Strike 2-2: Strikes out swinging
|
|
Batting: RHB Corbin Chauvin
|
0-0: Ball 1-0: Ground out 4-3 (Groundball, 4M, EV 78.8 MPH)
|
| Top of the 8th over - 0 runs, 0 hits, 0 errors, 0 left on base; Miami Beach 6 - Portland 1 |
| BOTTOM OF THE 8TH |
|
Portland Angels batting - Pitching for Miami Beach Marlins : RHP Konoye Murakami
|
|
Pinch Hitting: RHB Scott Webb
|
0-0: Called Strike 0-1: Foul Ball, location: 2F 0-2: Ball 1-2: Ball 2-2: Ball 3-2: Fly out, F8 (Flyball, 8LXD, EV 105.6 MPH)
|
|
Batting: RHB Jesse Sargent
|
0-0: Ball 1-0: Called Strike 1-1: Foul Ball, location: 2F 1-2: Strikes out looking
|
|
Batting: RHB Alex Rosaly
|
0-0: Ball 1-0: Fly out, F8 (Flyball, 8LXD, EV 90.0 MPH)
|
| Bottom of the 8th over - 0 runs, 0 hits, 0 errors, 0 left on base; Miami Beach 6 - Portland 1 |
| TOP OF THE 9TH |
|
Miami Beach Marlins batting - Pitching for Portland Angels : RHP Austin Reitz
|
|
Pitching: LHP Randy Boutilier
|
|
|
Now in CF: Dan Contreras
|
|
|
Batting: RHB Torquato Uso
|
0-0: Ball 1-0: Ground out 4-3 (Groundball, 4, EV 85.6 MPH)
|
|
Batting: SHB Emmet Brickowski
|
0-0: Ball 1-0: Swinging Strike 1-1: Ball 2-1: Ball 3-1: Base on Balls
|
|
Batting: LHB Henry Huezo
|
0-0: Called Strike 0-1: Ball 1-1: Foul Ball, location: 2F 1-2: Strikes out swinging
|
|
Batting: RHB Orlando Melendres
|
0-0: Ball 1-0: Ball 2-0: Called Strike 2-1: Called Strike 2-2: Ball 3-2: Foul Ball, location: 2F 3-2: Strikes out looking
|
| Top of the 9th over - 0 runs, 0 hits, 0 errors, 1 left on base; Miami Beach 6 - Portland 1 |
| BOTTOM OF THE 9TH |
|
Portland Angels batting - Pitching for Miami Beach Marlins : RHP Konoye Murakami
|
|
Batting: LHB Kevin Feldman
|
0-0: Called Strike 0-1: Fly out, F7 (Flyball, 78M, EV 87.5 MPH)
|
|
Batting: RHB Shawn Jansen
|
0-0: Called Strike 0-1: Ball 1-1: Fly out, F9 (Flyball, 89M, EV 93.8 MPH)
|
|
Batting: SHB Manuel Martinez
|
0-0: Ball 1-0: Called Strike 1-1: Foul Ball, location: 2F 1-2: Strikes out looking
|
| Bottom of the 9th over - 0 runs, 0 hits, 0 errors, 0 left on base; Miami Beach 6 - Portland 1 |
|